cohdb
Replays
Latest Replays
All Replays
Popular Replays
Top Player Replays
Match Explorer
How It Works
Community
CoH3 Stats
Reddit
Sign in to upload your games and track your stats! →
Sign in with Steam
Match 43224618
Unlisted
Match 43224618
Overview
Messages
Build Orders
End
Scout Squad
Construct Barracks
Riflemen Squad
Riflemen Squad
Riflemen Squad
Infantry Support Center
Construct Medical Station
Grenade Package
Construct Motor Pool
Selects Armored Battlegroup
Selects Armored Battlegroup
Selects Fast Deploy
M24 Chaffee Light Tank
Selects Veteran Crews
Engineer Squad
M8 Greyhound Armored Car
M1 Mortar Team
Selects Field Repairs
M1918 Browning Automatic Rifles
Selects Seek and Destroy
Advanced Logistics
Survival Training
Demolitions Package
Munitions Surplus
Selects M4A3E8 Sherman Combat Group
M4A3E8 Sherman Combat Group
M4A3E8 Sherman Combat Group
Legionary
Nostalgi@
0
0
Comments
sign in to comment!
No comments posted yet!